Map: Acid Plant LE

Players

RandomRy - Winner!

  • Race: Protoss Protoss
  • Spawn Location: 5:00

axu

  • Race: Protoss Protoss
  • League: Platinum
  • Spawn Location: 11:00

VOD

Have the link to the VOD?

Description

Time

  • Played on: April 3, 2018, 11:48 a.m.
  • Length: 3:52
Show
View Real Time Build Order
Export as new Build Order

RandomRy Protoss - Winner!

Build Orders:  

Get SALT Encoding   

  12  0:00  Probe  
  13  0:14  Pylon  
  13  0:19  Probe  
  14  0:31  Probe (Chrono Boost)  
  15  0:39  Gateway  
  16  0:43  Probe (Chrono Boost)  
  16  0:48  Probe (Chrono Boost)  
  17  0:50  Assimilator  
  17  0:57  Probe  
  18  1:06  Assimilator  
  18  1:08  Assimilator  
  18  1:11  Probe  
  19  1:20  Gateway  
  19  1:23  Probe  
  20  1:34  Cybernetics Core  
  20  1:37  Probe  
  21  1:45  Pylon  
  21  1:49  Probe  
  22  2:01  Probe  
  23  2:09  Adept x2 (Chrono Boost)  
  27  2:27  Stalker x2  
  31  2:37  Pylon  
  31  2:57  Stargate  
  31  2:59  Gateway  
  31  3:08  Pylon  
Show
View Real Time Build Order
Export as new Build Order

axu Protoss 

Build Orders:  

Get SALT Encoding   

  12  0:00  Probe  
  13  0:17  Pylon, Probe  
  14  0:31  Probe  
  15  0:39  Gateway  
  15  0:47  Probe  
  16  0:52  Assimilator  
  16  1:00  Probe (Chrono Boost)  
  17  1:15  Probe (Chrono Boost)  
  18  1:24  Probe  
  19  1:28  Zealot  
  21  1:46  Cybernetics Core  
  21  1:47  Gateway  
  21  2:03  Probe  
  21  2:04  Pylon  
  22  2:22  Stalker  
  24  2:29  Gateway  
  24  2:38  Stalker, Shield Battery  
  25  2:51  Probe  
  26  2:58  Adept  
  28  3:20  Shield Battery  
Tags
 
League
Platinum
Matchup
PvP
Spawn Locations
Cross Positions
Add a new tag
Caveats
  • Supply blocks, unpowered buildings, or Contaminate may cause inaccurate times.
  • Supply counts are checked every 10 seconds.